 Dungeon Crawl Stone Soup version 0.25.1-2-g60ff931df9 (webtiles) character file.

Game seed: 9109625962877097515

202 Duder the Cudgeler (level 5, -6/47 HPs)
             Began as a Minotaur Berserker on Nov 13, 2020.
             Was a Believer of Trog.
             Mangled by a gnoll
             ... wielding a +0 spear
              (9 damage)
             ... on level 3 of the Dungeon.
             The game lasted 00:07:15 (2349 turns).

Duder the Cudgeler (Minotaur Berserker)             Turns: 2349, Time: 00:07:15

Health: -6/47      AC:  6    Str: 22    XL:     5   Next: 50%
Magic:  4/4        EV: 11    Int:  4    God:    Trog [**....]
Gold:   153        SH:  0    Dex: 10    Spells: 4/4 levels left

rFire    . . .     SeeInvis .   o - +0 whip
rCold    . . .     Gourm    .   (no shield)
rNeg     . . .     Faith    .   k - +0 scale mail
rPois    .         Spirit   .   (helmet restricted)
rElec    .         Reflect  .   (no cloak)
rCorr    .         Harm     .   (no gloves)
MR       .....                  (no boots)
Stlth    ..........             (no amulet)
HPRegen  0.15/turn              (no ring)
MPRegen  0.09/turn              (no ring)

@: no status effects
A: retaliatory headbutt, horns 2
a: Berserk, Trog's Hand, Renounce Religion


You were on level 3 of the Dungeon.
You worshipped Trog.
Trog was pleased with you.
You were very hungry.

You visited 1 branch of the dungeon, and saw 3 of its levels.

You collected 153 gold pieces.

Inventory:

Hand Weapons
 a - a +0 mace
 o - a +0 whip (weapon)
Missiles
 e - 148 stones (quivered)
 g - 24 poisoned darts
Armour
 k - a +0 scale mail (worn)
Jewellery
 m - an uncursed ring of positive energy {unknown}
Scrolls
 f - a scroll of amnesia {unknown}
 h - 2 scrolls of teleportation {unknown}
 i - a scroll of enchant armour {unknown}
 j - 2 scrolls of identify {unknown}
 l - 2 scrolls of remove curse {unknown}
Potions
 b - a potion of lignification {unknown}
 d - a potion of might {unknown}
 p - a potion of curing {unknown}
Comestibles
 c - 2 rations


   Skills:
 + Level 4.4 Fighting
 * Level 5.3 Maces & Flails
 + Level 1.9 Throwing
 + Level 3.5 Armour
 + Level 3.3 Dodging


You had 4 spell levels left.
You didn't know any spells.
Your spell library was empty.

Dungeon Overview and Level Annotations

Branches:
Dungeon (3/15)

Altars:


Innate Abilities, Weirdness & Mutations

You reflexively headbutt those who attack you in melee.
You have a pair of horns on your head.


Message History

Things that are here:
a +0 whip; a scroll labeled TEIRRUHATU You barely miss the rat.
Your headbutt misses the rat. The rat bites you but does no damage.
The gnoll hits you with a +0 spear.
* * * LOW HITPOINT WARNING * * *
You barely miss the rat. Your headbutt misses the rat.
The rat bites you but does no damage. The gnoll closely misses you.
You hit the rat but do no damage. The rat barely misses you.
The gnoll hits you but does no damage.
You hit the rat but do no damage. The rat bites you but does no damage.
The gnoll misses you.
You hit the rat.
You kill the rat!
Trog accepts your kill. The gnoll hits you with a +0 spear.
* * * LOW HITPOINT WARNING * * *
A frilled lizard comes into view.
The frilled lizard hisses angrily.
The gnoll hits you with a +0 spear!
You die...

#.###.###(####^..>
#. #.###.# #.# #
#.....# # ####..#
#..# #..# #))#
###.. #g)#.....(
#.@.......
#.##.###.# #. .#
.. # ... .### #. #


You could see a gnoll.

Vanquished Creatures
  A centaur (D:3)
  2 gnolls (D:3)
  5 adders
  3 worms (D:2)
  2 dart slugs
  3 leopard geckos
  A ball python (D:1)
  4 giant cockroaches
  6 kobolds
  A quokka (D:2)
  3 bats
  3 frilled lizards
  10 goblins
  2 rats
46 creatures vanquished.

Notes
Turn   | Place    | Note
-------+----------+-------------------------------------------
     0 | D:1      | Duder the Minotaur Berserker began the quest for the Orb.
     0 | D:1      | Reached XP level 1. HP: 19/19 MP: 0/0
   269 | D:1      | Reached XP level 2. HP: 27/27 MP: 1/1
   461 | D:1      | Reached skill level 4 in Maces & Flails
   945 | D:1      | Reached XP level 3. HP: 33/33 MP: 2/2
  1148 | D:2      | Reached ** piety under Trog
  1337 | D:2      | Reached skill level 1 in Throwing
  1539 | D:2      | Reached XP level 4. HP: 40/40 MP: 3/3
  2271 | D:3      | Noticed a centaur
  2281 | D:3      | Killed a centaur
  2281 | D:3      | Reached skill level 5 in Maces & Flails
  2281 | D:3      | Reached XP level 5. HP: 27/47 MP: 4/4
  2349 | D:3      | Mangled by a gnoll

Illustrated notes

Levels and vault maps discovered:
D:1:      mainiacjoe_arrival_reflecting_pool, layout_basic
D:2:      layout_loops_corners, kennysheep_cross_room, nrook_uturn,
          minmay_tromino_mix6
D:3:      layout_loops_ring, grunt_gozag_breadcrumbs

Skill      XL: |  1  2  3  4 |
---------------+-------------+-----
Maces & Flails | 4 5 |  5.3
Throwing       | 1 |  1.9
Fighting       | 4 |  4.4
Armour         | 3 |  3.5
Dodging        | 3 |  3.3

Action                   |  1- 3 |  4- 6 || total
-------------------------+-------+-------++-------
Melee: Mace              |    66 |     7 ||    73
       Headbutt          |     5 |    10 ||    15
       Whip              |       |    32 ||    32
Throw: Stone             |       |     3 ||     3
 Stab: Sleeping          |     1 |       ||     1
  Eat: Chunk             |     2 |     1 ||     3
Armor: Animal skin       |     2 |       ||     2
       Robe              |     4 |       ||     4
       Scale mail        |    12 |    16 ||    28
Dodge: Dodged            |    45 |    29 ||    74
